Map: Cyber Forest LE

Players

TLO - Winner!

  • Race: Zerg Zerg
  • Spawn Location: 11:00

PengWin

  • Race: Zerg Zerg
  • Spawn Location: 5:00

Event: 2019 WCS Summer

VOD

Have the link to the VOD?

Description

Time

  • Played on: July 12, 2019, 7:37 a.m.
  • Length: 6:53

All games in this series

Show
View Real Time Build Order
Export as new Build Order

TLO Zerg - Winner!

Build Orders: Hatch First 

Get SALT Encoding   

  12  0:00  Drone  
  13  0:13  Overlord  
  13  0:16  Drone  
  14  0:31  Drone x2  
  16  0:48  Hatchery  
  15  0:51  Drone  
  15  0:56  Drone  
  17  1:10  Spawning Pool  
  16  1:12  Drone  
  16  1:15  Drone  
  16  1:17  Extractor  
  17  1:21  Drone  
  18  1:29  Drone  
  19  1:44  Overlord  
  19  1:58  Queen  
  19  2:00  Queen  
  23  2:02  Drone  
  23  2:04  Drone  
  23  2:06  Drone  
  26  2:11  Zergling x2  
  26  2:12  Zergling x2  
  28  2:17  Spine Crawler  
  28  2:20  Metabolic Boost  
  27  2:23  Zergling x2  
  28  2:36  Drone  
  29  2:39  Queen  
  31  2:45  Zergling x4  
  31  2:46  Zergling x2  
  31  2:50  Drone  
  35  2:54  Drone  
  36  2:59  Overlord  
  36  3:10  Overlord  
  36  3:12  Overlord  
  36  3:15  Overlord  
  36  3:19  Drone  
  37  3:20  Drone  
  37  3:21  Drone  
  37  3:23  Drone  
  40  3:27  Drone  
  40  3:30  Drone  
  40  3:32  Drone  
  43  3:34  Drone  
  43  3:41  Zergling x2  
  44  3:44  Zergling x2  
  44  3:46  Queen  
  47  3:53  Zergling x2  
  47  3:54  Zergling x2  
  47  3:55  Zergling x4  
  50  4:01  Queen  
  50  4:02  Zergling x2  
  53  4:07  Zergling x2  
  53  4:15  Zergling x2  
  54  4:18  Zergling x4  
  54  4:21  Queen  
  54  4:23  Drone x2  
  60  4:27  Drone  
  60  4:29  Drone  
  61  4:36  Queen  
  61  4:40  Overlord  
  61  4:47  Overlord  
  61  4:53  Overlord  
  61  4:57  Queen  
  61  4:59  Spore Crawler  
  62  5:01  Spore Crawler  
  59  5:09  Zergling x2  
  59  5:10  Zergling x2  
  59  5:12  Queen  
  59  5:21  Spore Crawler  
  59  5:22  Zergling x2, Spore Crawler  
  59  5:25  Zergling x2  
  59  5:28  Zergling x2  
  58  5:29  Zergling x2  
  58  5:31  Zergling x2  
  58  5:33  Queen  
  62  5:41  Zergling x4  
  63  5:46  Zergling x2  
  63  5:48  Queen  
  66  5:52  Zergling x2  
  66  5:55  Zergling x2  
  66  5:56  Zergling x2  
  69  5:57  Zergling x2, Roach Warren  
  69  6:02  Zergling x2  
  69  6:04  Zergling x2  
  69  6:05  Zergling x2  
  69  6:08  Queen  
  66  6:22  Spore Crawler  
  66  6:24  Zergling x4  
  68  6:28  Zergling x2  
  68  6:29  Zergling x2  
  68  6:30  Zergling x2  
  69  6:37  Drone  
  69  6:38  Baneling Nest  
Show
View Real Time Build Order
Export as new Build Order

PengWin Zerg 

Build Orders: Pool Only, Swarm Host 

Get SALT Encoding   

  12  0:00  Drone  
  13  0:08  Drone  
  14  0:14  Extractor  
  14  0:15  Drone  
  14  0:32  Spawning Pool  
  14  0:35  Drone  
  14  0:45  Overlord  
  14  0:51  Extractor  
  14  0:53  Drone  
  15  1:04  Drone x2  
  17  1:18  Drone x2  
  19  1:23  Lair  
  19  1:29  Drone  
  20  1:33  Extractor  
  20  1:39  Drone  
  20  1:48  Evolution Chamber  
  20  1:52  Drone  
  20  2:01  Drone  
  21  2:11  Overlord  
  21  2:23  Infestation Pit, Queen  
  22  2:32  Zergling x2  
  22  2:33  Drone  
  24  2:49  Drone  
  25  2:54  Overlord  
  25  3:08  Queen  
  27  3:15  Swarm Host  
  27  3:17  Nydus Network  
  29  3:25  Swarm Host  
  32  3:34  Swarm Host x2  
  32  3:36  Overlord  
  38  3:49  Overlord  
  38  3:54  Nydus Canal  
  38  4:11  Swarm Host x3  
  47  4:27  Nydus Canal  
  46  4:34  Queen  
  48  4:39  Swarm Host  
  48  4:40  Overlord x2  
  47  5:17  Queen  
  41  5:37  Swarm Host x3  
  47  5:53  Queen  
  49  5:57  Nydus Canal  
  38  6:13  Drone x3  
Tags
 
Add a new tag
Caveats
  • Supply blocks, unpowered buildings, or Contaminate may cause inaccurate times.
  • Supply counts are checked every 10 seconds.